 Dungeon Crawl Stone Soup version 0.22.1-57-g7394efd (webtiles) character file.

3341 smallpebble the Fighter (level 10, -6/88 HPs)
             Began as a Hill Orc Fighter on Mar 22, 2019.
             Was a Believer of the Shining One.
             Succumbed to Sonja's poison
             ... on level 1 of the Lair of Beasts on Mar 23, 2019.
             The game lasted 01:10:01 (6523 turns).

smallpebble the Fighter (Hill Orc Fighter)          Turns: 6523, Time: 01:10:02

Health: -6/88      AC: 21    Str: 21    XL:     10   Next: 2%
Magic:  10/10      EV: 10    Int:  8    God:    the Shining One [**....]
Gold:   533        SH:  0    Dex: 12    Spells: 9/9 levels left

rFire    + . .     SeeInvis .   p - +3 great sword
rCold    + . .     Gourm    .   (shield currently unavailable)
rNeg     + . .     Faith    .   y - +4 chain mail {rC+}
rPois    .         Spirit   .   u - +1 helmet
rElec    .         Reflect  .   S - +0 cloak
rCorr    .         Harm     .   i - +2 pair of gloves
MR       .....                  (no boots)
Stlth    ..........             t - amulet of regeneration
HPRegen  0.64/turn              w - ring of attention (curse)
MPRegen  0.12/turn              (no ring)

@: lethally poisoned (-6 -> -90), about to teleport, slowed, glowing, very slow
A: talons 1, deterioration 1, fire resistance 1, MP-powered wands
a: Divine Shield, Renounce Religion


You were on level 1 of the Lair of Beasts.
You worshipped the Shining One.
The Shining One was pleased with you.
You were not hungry.

You visited 3 branches of the dungeon, and saw 10 of its levels.
You also visited: Sewer.

You collected 533 gold pieces.

Inventory:

Hand Weapons
 a - a +0 long sword
 j - a +0 mace
 p - a +3 great sword (weapon)
 s - a +1 trident of venom
 A - a +0 rapier
 B - a +0 scimitar
 C - the +5 trident of Impermanence {pierce, rC+ rN+++ Str-5 SInv, unknown}
   (You found it on level 4 of the Dungeon)

   It inflicts extra damage upon your enemies.
   It affects your strength (-5).
   It protects you from cold.
   It renders you almost immune to negative energy.
   It lets you see invisible.
 P - a cursed +0 long sword
Armour
 b - a +0 scale mail
 c - a +0 shield
 h - a +0 ring mail
 i - a +2 pair of gloves (worn)
 k - a +0 chain mail
 r - a +0 ring mail
 u - a +1 helmet (worn)
 y - a +4 chain mail of cold resistance (worn)
 F - a +0 pair of boots
 H - a +0 pair of gloves
 S - a +0 cloak (worn)
 U - a cursed +0 pair of gloves
Jewellery
 t - an amulet of regeneration (around neck)
 w - a cursed ring of attention (left hand)
 E - an uncursed ring of protection from magic {unknown}
 G - an uncursed amulet of rage {unknown}
 M - a +4 ring of intelligence {unknown}
Wands
 v - a wand of random effects (53)
 N - a wand of paralysis (14)
Scrolls
 e - a scroll of fog
 g - 6 scrolls of teleportation
 l - a scroll of immolation
 n - a scroll of blinking
 z - a scroll of magic mapping
 J - a scroll of enchant weapon {unknown}
 L - a scroll of fear {unknown}
 O - 2 scrolls of enchant armour
 R - a scroll of identify
Potions
 d - 2 potions of might
 m - 6 potions of curing
 o - 2 potions of lignification {unknown}
 q - 3 potions of berserk rage {unknown}
 x - a potion of agility {unknown}
 D - 2 potions of heal wounds {unknown}
 I - 2 potions of cancellation {unknown}
 K - 3 potions of haste {unknown}
 Q - a potion of mutation
 T - a potion of magic {unknown}
 W - 2 potions of ambrosia {unknown}
Comestibles
 f - 4 rations
 V - 3 chunks of flesh


   Skills:
 + Level 8.2 Fighting
 + Level 7.1 Long Blades
 + Level 7.7 Armour
 + Level 4.9 Dodging
 + Level 7.5 Shields


You had 9 spell levels left.
You didn't know any spells.
Your spell library contained the following spells:

 Spells                   Type           Power        Failure   Level  Hunger
 Animate Skeleton         Necr           N/A          97%         1    ##.....
 Confusing Touch          Hex            #.....       97%         1    ##.....
 Pain                     Necr           #...         97%         1    ##.....
 Confuse                  Hex            #.......     100%        3    ####...
 Gell's Gravitas          Tloc           #.........   100%        3    ####...
 Regeneration             Chrm/Necr      #.........   100%        3    ####...
 Vampiric Draining        Necr           #.........   100%        3    ####...
 Animate Dead             Necr           N/A          100%        4    #####..
 Petrify                  Tmut/Erth      #.......     100%        4    #####..
 Metabolic Englaciation   Hex/Ice        #.........   100%        5    ######.
 Yara's Violent Unravell  Hex/Tmut       #.........   100%        5    ######.


Dungeon Overview and Level Annotations

Branches:
Dungeon (8/15)             Temple (1/1) D:7            Lair (1/6) D:8

Altars:
Ashenzari
Cheibriados
Dithmenos
Elyvilon
Fedhas
Gozag
Hepliaklqana
Kikubaaqudgha
Makhleb
Nemelex Xobeh
Okawaru
Qazlal
Ru
Sif Muna
Trog
Uskayaw
Vehumet
Wu Jian
Xom
Yredelemnul
The Shining One

Annotations:
Lair:1 Prince Ribbit, Sonja


Innate Abilities, Weirdness & Mutations

You have sharp toenails.
Your body sometimes deteriorates upon taking damage.
Your flesh is heat resistant. (rF+)
You expend magic power (3 MP) to strengthen your wands.


Message History

You are more poisoned.
Sonja hits you but does no damage.
Sonja hits you with an uncursed dagger of venom.
* * * LOW HITPOINT WARNING * * *
You miss Sonja.
Sonja is lightly wounded.
* * * LOW HITPOINT WARNING * * *
You feel extremely sick. Sonja hits you but does no damage.
You are more poisoned.
Sonja closely misses you. Sonja hits you but does no damage.
You are more poisoned.
Sonja closely misses you. Sonja hits you but does no damage. x2
You are more poisoned.
Sonja hits you but does no damage. x2
You are more poisoned.
Sonja barely misses you.
As you read the scroll of teleportation, it crumbles to dust.
You feel strangely unstable.
You die...

.................................
.................................
.......(....####..##.............
.#.##.##...######.#......P#P.####
.†.....#...##.....##.....####..#
.#.....#...##.....##.....# ...
.'.........##.....##.....# ....
.......#....#.....#......# ....
.......#....#...@.##.....#
..######...#.##.K###.....#
...........#.###..##.....#
.................(.......
............(...(........
P#####.###############.## ## ###
#


You could see Sonja.

Vanquished Creatures
  Nergalle (Lair:1)
  2 blink frogs (Lair:1)
  Eustachio (D:4)
  Sigmund (D:3)
  2 water moccasins (Lair:1)
  2 porcupines (Lair:1)
  2 black bears (D:7)
  An ice beast (D:7)
  Purgy (Sewer)
  4 wolves (Lair:1)
  An ogre (D:5)
  A bullfrog (Lair:1)
  A scorpion (D:4)
  3 wights (D:6)
  2 crimson imps
  2 bullfrog zombies
  A centaur zombie (D:7)
  An orc priest (D:6)
  A hound (D:7)
  4 orc wizards
  A centaur skeleton (D:5)
  Natasha (D:3)
  2 worker ants (D:5)
  Robin (D:3)
  3 gnolls (D:3)
  8 adders
  2 howler monkey skeletons
  An ooze (D:2)
  An adder skeleton (D:7)
  4 worms
  A dart slug (D:1)
  4 leopard geckos
  7 orcs
  2 giant cockroaches
  17 goblins
  4 hobgoblins
  6 jackals
  2 quokkas
  2 ball pythons
  9 bats
  3 frilled lizards (D:2)
  5 kobolds
  A quokka zombie (D:7)
  7 rats
  A plant (Lair:1)
129 creatures vanquished.

Vanquished Creatures (others)
  A sky beast (D:7)
  An orc wizard (D:6)
  5 orcs (D:7)
  A ball python (D:7)
  A quokka zombie (D:7)
  A fungus (Lair:1)
10 creatures vanquished.

Grand Total: 139 creatures vanquished

Notes
Turn   | Place    | Note
-------+----------+-------------------------------------------
     0 | D:1      | smallpebble the Hill Orc Fighter began the quest for the
                  | Orb.
     0 | D:1      | Reached XP level 1. HP: 19/19 MP: 1/1
    86 | D:1      | Reached XP level 2. HP: 18/27 MP: 2/2
   810 | D:2      | Reached XP level 3. HP: 33/33 MP: 3/3
   867 | D:2      | Reached skill level 4 in Fighting
  1316 | D:2      | Found a glowing golden altar of the Shining One.
  1320 | D:2      | Became a worshipper of the Shining One
  1707 | D:3      | Reached XP level 4. HP: 40/40 MP: 4/4
  1735 | D:3      | Reached skill level 1 in Dodging
  2024 | D:3      | Noticed Robin
  2105 | D:3      | Killed Robin
  2105 | D:3      | Reached XP level 5. HP: 40/47 MP: 5/5
  2139 | D:3      | Noticed Natasha
  2173 | D:3      | Killed Natasha
  2246 | D:3      | Noticed Sigmund
  2258 | D:3      | Killed Sigmund
  2258 | D:3      | Reached XP level 6. HP: 54/55 MP: 6/6
  2668 | D:4      | Found a shimmering altar of Xom.
  2725 | D:4      | Noticed Eustachio
  2751 | D:4      | Killed Eustachio
  2751 | D:4      | Reached skill level 5 in Fighting
  2751 | D:4      | Reached skill level 5 in Armour
  2751 | D:4      | Reached XP level 7. HP: 58/61 MP: 7/7
  2841 | D:4      | Got a shimmering trident
  3088 | D:4      | Found a hide-covered altar of Uskayaw.
  3088 | D:4      | Found a blossoming altar of Fedhas.
  3088 | D:4      | Found a shadowy altar of Dithmenos.
  3701 | D:5      | Entered Level 5 of the Dungeon
  3732 | D:5      | Reached skill level 5 in Shields
  3816 | D:5      | Found a bloodstained altar of Trog.
  4028 | D:5      | Found a glowing drain.
  4042 | Sewer    | Entered a sewer
  4093 | Sewer    | Noticed Purgy
  4116 | Sewer    | Killed Purgy
  4295 | D:5      | Reached * piety under the Shining One
  4300 | D:5      | Reached XP level 8. HP: 70/70 MP: 8/8
  4457 | D:6      | Reached skill level 6 in Fighting
  4555 | D:6      | Gained mutation: You expend magic power (3 MP) to
                  | strengthen your wands. [potion of mutation]
  4555 | D:6      | Gained mutation: Your body sometimes deteriorates upon
                  | taking damage. [potion of mutation]
  4555 | D:6      | Gained mutation: You have sharp toenails. [potion of
                  | mutation]
  4555 | D:6      | Gained mutation: Your flesh is heat resistant. (rF+)
                  | [potion of mutation]
  4652 | D:6      | Reached skill level 5 in Long Blades
  5193 | D:7      | Found a staircase to the Ecumenical Temple.
  5202 | Temple   | Entered the Ecumenical Temple
  5930 | D:7      | Reached ** piety under the Shining One
  6027 | D:8      | Found a staircase to the Lair.
  6035 | Lair:1   | Entered Level 1 of the Lair of Beasts
  6092 | Lair:1   | Reached skill level 7 in Fighting
  6092 | Lair:1   | Reached XP level 9. HP: 75/79 MP: 9/9
  6213 | Lair:1   | Noticed Prince Ribbit
  6375 | Lair:1   | Noticed Nergalle
  6403 | Lair:1   | Killed Nergalle
  6403 | Lair:1   | Reached skill level 8 in Fighting
  6487 | Lair:1   | Reached XP level 10. HP: 88/88 MP: 10/10
  6508 | Lair:1   | Noticed Sonja
  6522 | Lair:1   | HP: 4/88 [poisoned by Sonja]
  6523 | Lair:1   | Succumbed to Sonja's poison

Skill      XL: |  1  2  3  4  5  6  7  8  9 |
---------------+----------------------------+-----
Fighting       | 4 5 7 8 |  8.2
Armour         | 4 5 6 7 |  7.7
Long Blades    | 3 4 5 7 |  7.1
Dodging        | 1 2 3 4 |  4.9
Shields        | 4 5 6 7 |  7.5

Action                   |  1- 3 |  4- 6 |  7- 9 | 10-12 || total
-------------------------+-------+-------+-------+-------++-------
Melee: Long sword        |   137 |   186 |       |       ||   323
       Scimitar          |       |       |   135 |       ||   135
       Great sword       |       |       |    92 |     3 ||    95
       Kick              |       |       |    39 |       ||    39
  Use: Scroll            |     7 |     2 |     2 |     1 ||    12
       Potion            |       |       |     2 |       ||     2
  Eat: Chunk             |     3 |     1 |     3 |       ||     7
       Ration            |       |     1 |     3 |       ||     4
Armor: Scale mail        |    23 |       |       |       ||    23
       Chain mail        |    61 |   136 |   190 |    17 ||   404
       Skin              |     3 |       |       |       ||     3
Dodge: Dodged            |    30 |    43 |    96 |     8 ||   177
Block: Shield            |    61 |   127 |    78 |       ||   266
       Rpst.: Long sword |    13 |     8 |       |       ||    21
       Scimitar          |       |       |    11 |       ||    11
       Great sword       |       |       |    23 |     1 ||    24
